 Dungeon Crawl Stone Soup version 0.30.1-3-gfc49f6343a (webtiles) character file.

Game seed: 12768991920136914434

88 boopmooplesden the Cutter (level 4, -4/29 HPs)
             Began as a Kobold Berserker on Aug 3, 2023.
             Was a Believer of Trog.
             Slain by a gnoll
             ... wielding a +0 halberd
              (5 damage)
             ... on level 2 of the Dungeon.
             The game lasted 00:02:41 (1302 turns).

boopmooplesden the Cutter (Kobold Berserker)        Turns: 1302, Time: 00:02:41

Health: -4/29      AC:  7    Str: 16    XL:     4   Next: 82%
Magic:  4/4        EV: 13    Int:  8    God:    Trog [**....]
Gold:   60         SH:  3    Dex: 14    Spells: 3/3 levels left

rFire   . . .        a - +0 short sword
rCold   . . .        f - +0 buckler
rNeg    . . .        h - +0 ring mail
rPois   .            (no helmet)
rElec   .            (no cloak)
rCorr   .            c - +1 pair of gloves
SInv    .            (no boots)
Will    .....        (no amulet)
Stlth   ++           (no ring)
HPRegen 0.24/turn    (no ring)
MPRegen 0.09/turn

%: no passive effects
@: on berserk cooldown, slowed, very slow
A: small, no large weapons, nightstalker 3
a: Renounce Religion, Berserk, Trog's Hand


You were on level 2 of the Dungeon.
You worshipped Trog.
Trog was pleased with you.
You visited 1 branch of the dungeon, and saw 2 of its levels.

You collected 60 gold pieces.

Inventory:

Hand Weapons
 a - a +0 short sword (weapon)
Missiles
 m - 6 poisoned darts (quivered)
Armour
 b - a +0 animal skin
 c - a +1 pair of gloves (worn)
 f - a +0 buckler (worn)
 h - a +0 ring mail (worn)
Jewellery
 g - a ring of resist corrosion
 l - a ring of positive energy
Scrolls
 e - 2 scrolls of blinking
 i - 2 scrolls of fear
 k - a scroll of identify {unknown}
 n - a scroll of teleportation {unknown}
 o - a scroll of noise {unknown}
Potions
 d - a potion of lignification {unknown}
 j - a potion of berserk rage {unknown}


   Skills:
 + Level 4.1 Fighting
 + Level 5.3 Short Blades
 + Level 1.7 Armour
 + Level 3.0 Dodging
 + Level 1.6 Stealth


You had 3 spell levels left.
You didn't know any spells.
Your spell library was empty.

Dungeon Overview and Level Annotations

Branches:
Dungeon (2/15)

Altars:


Innate Abilities, Weirdness & Mutations

You are small and have problems with some larger weapons.
You are completely attuned to the shadows.


Message History

You are exhausted.
You feel yourself slow down. The bat barely misses you.
You see here a +0 spear.
The gnoll misses you. The gnoll hits you with a +0 halberd.
You hit the gnoll.
The gnoll is moderately wounded.
The bat closely misses you. The gnoll closely misses you.
You completely miss the gnoll.
The gnoll is moderately wounded.
The bat closely misses you. You block the bat's attack.
You block the gnoll's attack.
You hit the gnoll.
The gnoll is moderately wounded.
The bat misses you. The gnoll barely misses you.
You barely miss the gnoll.
The gnoll is moderately wounded.
The bat hits you but does no damage. The gnoll barely misses you.
The bat hits you but does no damage.
You barely miss the gnoll.
The gnoll is moderately wounded.
The gnoll barely misses you. You block the gnoll's attack.
You closely miss the gnoll.
The gnoll is moderately wounded.
The bat closely misses you. The gnoll hits you but does no damage.
You hit the gnoll but do no damage.
The gnoll is moderately wounded.
The bat closely misses you. The gnoll hits you with a +0 halberd.
* * * LOW HITPOINT WARNING * * *
You hit the bat.
The bat is moderately wounded.
You block the bat's attack. The gnoll barely misses you.
The bat closely misses you. The gnoll closely misses you.
The gnoll hits you from afar with a +0 halberd.
* * * LOW HITPOINT WARNING * * *
You see here a +0 spear.
You completely miss the bat.
The bat is moderately wounded.
The bat hits you but does no damage. x2
The gnoll hits you from afar with a +0 halberd.
You die...

########### #.........#
#.........# #.......#
#.........# #.......# ##########
#.........# #.......# #........#
#.........# #..(....# #........#
#.........# #b# #........#
####...†### #@# #........#
........## ###.# ####........#
.........#####.g)# #....<......#
..........#....#.###.##........#
........>...####.#...##........#
...........###...#.###.........#
.>...................#.#########
.....................#.# ####
.........#...........#.# #...


You could see a gnoll and a bat.

Vanquished Creatures
  2 gnolls (D:2)
  An adder (D:2)
  A worm (D:2)
  4 ball pythons
  An endoplasm (D:1)
  3 giant cockroaches
  8 goblins
  5 hobgoblins
  9 jackals (D:1)
  2 kobolds
  A quokka (D:1)
  4 bats
  3 frilled lizards
  7 rats
51 creatures vanquished.

Notes
Turn   | Place    | Note
-------+----------+-------------------------------------------
     0 | D:1      | boopmooplesden the Kobold Berserker began the quest for the
                  | Orb.
     0 | D:1      | Reached XP level 1. HP: 14/14 MP: 1/1
   101 | D:1      | Reached XP level 2. HP: 11/19 MP: 2/2
   307 | D:1      | Reached XP level 3. HP: 24/24 MP: 3/3
   445 | D:1      | Reached ** piety under Trog
   836 | D:2      | Reached skill level 5 in Short Blades
   951 | D:2      | Reached XP level 4. HP: 29/29 MP: 4/4
  1171 | D:2      | Reached skill level 1 in Stealth
  1301 | D:2      | HP: 1/29 [gnoll/+0 halberd (6)]
  1302 | D:2      | Slain by a gnoll

Illustrated notes

Levels and vault maps discovered:
D:1:      dpeg_arrival_rooms_c, layout_rooms, minmay_quantized
D:2:      layout_rooms

Skill      XL: |  1  2  3  4 |
---------------+-------------+-----
Short Blades   | 5 |  5.3
Fighting       | 4 |  4.1
Stealth        | 1 |  1.6
Dodging        | 3 |  3.0
Armour         | |  1.7

Action                     |  1- 3 |  4- 6 || total
---------------------------+-------+-------++-------
  Melee: Short sword       |   131 |    53 ||   184
         Punch             |     1 |       ||     1
  Throw: Dart              |       |     4 ||     4
 Invoke: Berserk           |     2 |     1 ||     3
    Use: Scroll            |     4 |       ||     4
   Stab: Sleeping          |     5 |     2 ||     7
 Armour: Animal skin       |    27 |       ||    27
         Ring mail         |    11 |    13 ||    24
  Dodge: Dodged            |    82 |    29 ||   111
  Block: Buckler           |     1 |    10 ||    11
